 Dungeon Crawl Stone Soup version 0.16-a0-3963-gf3423b3 (console) character file.

102 MarvinPA the Chopper (level 4, -1/34 HPs)
             Began as a Mummy Wanderer on Feb 10, 2015.
             Slain by a gnoll
             ... wielding a +0 halberd
              (10 damage)
             ... on level 3 of the Dungeon.
             The game lasted 00:04:09 (3298 turns).

MarvinPA the Chopper (Mummy Wanderer)               Turns: 3298, Time: 00:04:10

Health: -1/34      AC:  2    Str: 17    XL:     4   Next: 49%
Magic:  4/4        EV: 10    Int: 11    God:
Gold:   248        SH:  3    Dex: 10    Spells: 0 memorised, 3 levels left

rFire  x . .     SeeInvis .     a - +2 hand axe
rCold  + + .     Clarity  .     d - +0 robe
rNeg   + + +     SustAb   .     n - +0 buckler
rPois  ∞         Gourm    .     (no helmet)
rElec  .         Spirit   .     (no cloak)
rCorr  .         Warding  .     (no gloves)
rMut   .         Stasis   .     (no boots)
MR     .....                    (no amulet)
Stlth  +.........               (no ring)
                                f - ring of protection from cold

@: not resistant to hostile enchantments, very unstealthy
A: no food or potions, fire vulnerability, restore body, cold resistance 1,
negative energy resistance 3, poison resistance, torment resistance, unbreathing
a: no special abilities


You were on level 3 of the Dungeon.
You were not hungry.

You visited 1 branch of the dungeon, and saw 3 of its levels.

You collected 248 gold pieces.


Innate Abilities, Weirdness & Mutations

You do not eat or drink.
Your flesh is vulnerable to fire.
Your flesh is cold resistant.
You are immune to negative energy.
Your system is resistant to poisons.
You are immune to unholy pain and torment.
You can survive without breathing.


   Skills:
 - Level 2.3 Fighting
 + Level 4.2 Axes
 - Level 1.5 Crossbows
 - Level 1.5 Throwing
 - Level 1.0 Armour


You had 3 spell levels left.
You didn't know any spells.

Inventory:

Hand weapons
 a - a +2 hand axe (weapon)
 b - a +0 hand crossbow
 c - a +2 dagger of venom
Missiles
 e - 25 bolts
 k - 52 poisoned needles
Armour
 d - a +0 robe (worn)
 n - a +0 buckler (worn)
 p - a +0 shield
Jewellery
 f - a ring of protection from cold (left hand)
Scrolls
 g - 3 scrolls of teleportation {@r4}
 h - 2 scrolls of identify {unknown}
 i - a scroll of enchant armour {unknown}
 j - 2 scrolls of random uselessness {unknown}
 l - a scroll of amnesia {unknown}
 m - a scroll of blinking {unknown}
 o - a scroll of enchant weapon {unknown}
 q - a scroll of remove curse {unknown}
 r - a scroll of magic mapping {unknown}

Dungeon Overview and Level Annotations

Branches:
Dungeon (3/15)

Altars:
Cheibriados

#.# #.#.###### ### #.# #.#.# #.#
#.# #.#.# #.. #.# #.#.# #g#
..######.#.# #r# .........#.#
#g# ...........####### #.#
..#########......############.##
#.# #........M.ggr..g.......#
#.######.##......###############
.........######### #...######
#.#.# #.#.# #.#.# #.#.# ######
#.#.# #....#


You could see 3 gnolls and a rat.


Message History

You hit the kobold.
You kill the kobold!
No target in view!
You start resting.
HP restored.
You see here a stone.
r - a scroll labeled CRERAP TULAUL You see here a stone.
You see here a stone.
You see here a short sword.
There is a stone staircase leading up here.
A rat and 3 gnolls come into view.
The gnoll shouts! x2
There are monsters nearby!
The gnoll hits you with a halberd! The gnoll barely misses you.
You hit the gnoll.
The gnoll is lightly wounded.
The gnoll hits you from afar with a spear.
The gnoll barely misses you.
You hit the gnoll.
The gnoll is heavily wounded.
The gnoll closely misses you. The gnoll barely misses you.
You barely miss the gnoll.
The gnoll is heavily wounded.
The gnoll barely misses you. The gnoll hits you with a halberd!
* * * LOW HITPOINT WARNING * * *
The gnoll closely misses you.
There is a stone staircase leading up here.
The gnoll hits you from afar with a halberd!
You die...

Action                   |  1- 3 |  4- 6 || total
-------------------------+-------+-------++-------
Melee: Hand axe          |   125 |    47 ||   172
       Dagger            |       |     5 ||     5
 Fire: Hand crossbow     |     6 |       ||     6
 Stab: Sleeping          |       |     1 ||     1

Vault maps used:
D:1:      minmay_arrival_arboretum_large, minmay_cupped
D:2:      lemuel_crystal_altar, kennysheep_generic_room_9
D:3:      first_bread

Notes
Turn   | Place    | Note
--------------------------------------------------------------
     0 | D:1      | MarvinPA, the Mummy Wanderer, began the quest for the Orb.
     0 | D:1      | MarvinPA set off with: a +2 hand axe, a scroll of teleportation {@r4}, a +0 hand crossbow, a +0 robe, 25 bolts
     0 | D:1      | Reached XP level 1. HP: 16/16 MP: 1/1
   416 | D:1      | Reached XP level 2. HP: 21/23 MP: 2/2
   792 | D:1      | Reached skill level 3 in Axes
  1057 | D:1      | Reached XP level 3. HP: 28/28 MP: 3/3
  2037 | D:2      | Reached XP level 4. HP: 32/34 MP: 4/4
  2063 | D:2      | Found a snail-covered altar of Cheibriados.
  2071 | D:2      | Reached skill level 4 in Axes
  3298 | D:3      | Slain by a gnoll

Vanquished Creatures
  3 adders
  A worm (D:2)
  2 giant geckos
  2 oozes
  4 giant cockroaches
  6 hobgoblins
  7 jackals
  9 kobolds
  A quokka (D:2)
  8 bats
  4 giant newts
  6 goblins
  8 rats
61 creatures vanquished.
